 Dungeon Crawl Stone Soup version 0.32-a0-886-g41c5271027 (webtiles) character file.

Game seed: 9893144851644944946

48472 darkkles the Fighter (level 14, -6/130 HPs)
             Began as a Minotaur Fighter on Mar 28, 2024.
             Was the Champion of Okawaru.
             Mangled by Frances
             ... wielding a +3 halberd of venom
              (21 damage)
             ... on level 1 of the Spider Nest on Apr 2, 2024.
             The game lasted 02:30:18 (17930 turns).

darkkles the Fighter (Minotaur Fighter)            Turns: 17930, Time: 02:30:19

Health: -6/130     AC: 40    Str: 29    XL:     14   Next: 12%
Magic:  19/19      EV:  9    Int: 15    God:    Okawaru [******]
Gold:   1269       SH: 11    Dex: 12    Spells: 13/13 levels left

rFire   + . .        U - +10 broad axe of Instinct {freeze, ^Fragile Str+5 Stlth+}
rCold   + . .        I - +0 kite shield
rNeg    + + .        C - +10 crystal plate armour of Terror {rN+ SInv}
rPois   +            o - +0 hat {Int+3}
rElec   +            D - +2 cloak
rCorr   +            h - +1 pair of gloves
SInv    +            s - +1 pair of boots of Heifed {rF- rN+ Int+7}
Will    +....        b - amulet of faith Stlth
                     B - ring of protection from fire
HPRegen 0.41/turn    i - +5 ring of evasion
MPRegen 0.16/turn

%: faith
@: mighty, lethally poisoned (-6 -> -9), resistant, slowed, studying Fighting,
invisible, very slow
A: horns 2, retaliatory headbutt
a: Renounce Religion, Heroism, Finesse, Duel


You were on level 1 of the Spider Nest.
You worshipped Okawaru.
Okawaru was exalted by your worship.
You visited 4 branches of the dungeon, and saw 18 of its levels.

You collected 1269 gold pieces.

Inventory:

Hand Weapons
 U - the +10 broad axe of Instinct (weapon) {freeze, ^Fragile Str+5 Stlth+}
   (Okawaru gifted it to you on level 1 of the Lair of Beasts)

   Str+5:     It affects your strength (+5).
   ^Fragile:  It will be destroyed if unequipped.
   Stlth+:    It makes you more stealthy.
Missiles
 a - 2 darts of dispersal
 f - 4 throwing nets
 p - a silver javelin
 F - 23 poisoned darts
 H - 2 atropa-tipped darts
 N - 7 boomerangs (quivered)
 T - 6 javelins
Armour
 h - a +1 pair of gloves (worn)
 o - a +0 hat of intelligence (worn)
 s - the +1 pair of boots of Heifed (worn) {rF- rN+ Int+7}
   (You found it on level 6 of the Dungeon)

   Int+7:     It affects your intelligence (+7).
   rF-:       It makes you vulnerable to fire.
   rN+:       It protects you from negative energy.
 C - the +10 crystal plate armour of Terror (worn) {rN+ SInv}
   (Okawaru gifted it to you on level 1 of the Lair of Beasts)

   rN+:       It protects you from negative energy.
   SInv:      It lets you see invisible.
 D - a +2 cloak (worn)
 I - a +0 kite shield (worn)
Jewellery
 b - an amulet of faith (around neck)
 i - a +5 ring of evasion (right hand)
 l - a ring of protection from cold
 m - a +4 ring of protection
 B - a ring of protection from fire (left hand)
 G - a ring of positive energy
 V - an amulet of guardian spirit
Wands
 t - a wand of flame (42)
 w - a wand of polymorph (7)
 y - a wand of mindburst (12)
 J - a wand of digging (5)
 K - a wand of roots (9)
 P - a wand of charming (3)
Scrolls
 r - 3 scrolls of teleportation
 v - a scroll of enchant weapon
 x - 2 scrolls of amnesia
 z - a scroll of summoning
 L - a scroll of immolation
 Q - a scroll of identify
 R - a scroll of acquirement
 S - a scroll of brand weapon
 W - a scroll of vulnerability
 X - a scroll of noise {unknown}
Potions
 c - 2 potions of mutation
 d - 3 potions of might
 e - 3 potions of curing
 j - 2 potions of cancellation
 k - 4 potions of enlightenment
 n - a potion of magic
 q - 2 potions of lignification
 u - a potion of brilliance
 A - 3 potions of ambrosia
 E - 3 potions of haste


   Skills:
 + Level 13.9 Fighting
 + Level 12.3 Axes
 + Level 9.2 Throwing
 + Level 12.4 Armour
 + Level 12.5 Shields
 + Level 8.6 Invocations
 - Level 8.0 Evocations


You had 13 spell levels left.
You didn't know any spells.
Your spell library contained the following spells:

 Spells                   Type           Power      Damage    Failure   Level
 Magic Dart               Conj           0%         1d3       100%        1
 Sandblast                Erth           0%         2d4       100%        1
 Blink                    Tloc           0%         N/A       100%        2
 Ensorcelled Hibernation  Hex/Ice        0%         N/A       100%        2
 Static Discharge         Conj/Air       0%         3-3/arc   100%        2
 Fugue of the Fallen      Necr           0%         N/A       100%        3
 Hailstorm                Conj/Ice       0%         3d5       100%        3
 Ozocubu's Armour         Ice            0%         N/A       100%        3
 Passwall                 Erth           0%         N/A       100%        3
 Stone Arrow              Conj/Erth      0%         3d7       100%        3
 Swiftness                Air            0%         N/A       100%        3
 Volatile Blastmotes      Fire/Tloc      0%         2d10      100%        3
 Airstrike                Air            0%         2d(0-16)  100%        4
 Brom's Barrelling Bould  Conj/Erth      0%         2d3       100%        4
 Fulminant Prism          Conj/Alch      0%         3d5       100%        4
 Iskenderun's Mystic Bla Conj/Tloc 0%             2d3        (+2d1     100%        4
 Permafrost Eruption      Ice/Erth       0%         2x4d1     100%        6
 Manifold Assault         Tloc           0%         N/A       100%        7
 Call Imp                 Summ           Unusable   N/A       N/A         2
 Summon Ice Beast         Ice/Summ       Unusable   N/A       N/A         3
 Summon Lightning Spire   Summ/Air       Unusable   N/A       N/A         4
 Summon Mana Viper        Hex/Summ       Unusable   N/A       N/A         5
 Sculpt Simulacrum        Ice/Alch       Unusable   N/A       N/A         6
 Monstrous Menagerie      Summ           Unusable   N/A       N/A         7

Dungeon Overview and Level Annotations

Branches:
Dungeon (11/15)            Temple (1/1) D:5            Lair (5/5) D:10
 Shoals (0/4) Lair:3       Spider (1/4) Lair:2        Slime (0/5) Lair:5
    Orc (0/2) D:11

Altars:
Ashenzari
Cheibriados
Dithmenos
Elyvilon
Fedhas
Gozag
Hepliaklqana
Kikubaaqudgha
Makhleb
Nemelex Xobeh
Okawaru
Qazlal
Ru
Sif Muna
Trog
Uskayaw
Vehumet
Wu Jian
Xom
Yredelemnul
Zin
The Shining One
Beogh
Jiyva

Shops:
D:8 [   D:11 [(

Portals:
Hell: Lair:5

Annotations:
D:11 2 transporters, ouz's ghost, journeyman MDFi
Spider:1 Frances


Innate Abilities, Weirdness & Mutations

You have a pair of horns on your head.
You reflexively headbutt those who attack you in melee.


Message History

Frances chants phrases taken from a devil's mouth.
The iron shot misses you. Frances hits you but does no damage.
You are more poisoned.
The hellwing hits you.
* * * LOW HITPOINT WARNING * * *
The hellwing barely misses you.
You hear a faint skittering sound.
You see here a wand of charming (7).
It was a potion of heal wounds.
You feel much better.
You feel extremely sick.
The tarantella's many legs skitter faintly.
Frances hits you with a +3 halberd of venom!
* * * LOW HITPOINT WARNING * * *
Frances closely misses you.
Okay, then.
You feel protected.
You feel less invigorated.
You feel less confused.
You feel very sick.
The tarantella's many legs skitter faintly.
The orb spider's many legs skitter faintly.
You block Frances's attack. x2; You block the hellwing's attack.
The hellwing hits you but does no damage.
There are monsters nearby!
You feel very mighty all of a sudden.
You feel very sick.
The tarantella's many legs skitter faintly.
The culicivora's many legs skitter faintly.
The orb spider's many legs skitter faintly.
Frances is no longer moving quickly.
You block Frances's attack.
Frances whispers indecipherable words.
The iron shot hits you!
* * * LOW HITPOINT WARNING * * *
You block the hellwing's attack. The hellwing closely misses you.
You slash Frances! You freeze Frances. Your headbutt misses Frances.
Frances is lightly wounded.
You slash the hellwing! You freeze the hellwing.
You feel very sick.
Frances hits you with a +3 halberd of venom!!
You die...

#...#>#...
..#........## ....(.#
.....#......# # ○.....
.............##.#
..^..#..#....#........#
..s#..#.#.#....#.#...#
....#..(...w.....#...#
........#...s..4...#
.#..........#s.@@.##
s<.........s.s.#.##
..##).#...3s..###.#
@......#w.sss.# ##
s#........wss.#
....##..#.s...#
..#........#.##
#§...#.ss.3s..#
.#.........s.##


You could see Frances, a steelbarb worm (wandering, unable to see you), a torpor
snail (unable to see you), a wolf spider (unable to see you), a hellwing
(summoned, unable to see you), 2 culicivoras, a smoke demon (summoned, unable to
see you), 2 jumping spiders, 3 tarantellas and 2 redbacks.

Vanquished Creatures
  Gastronok (Lair:2)
  An emperor scorpion (Arena)
  A dire elephant (Lair:5)
  4 hydras
  Harold (D:10)
  A boulder beetle (Lair:3)
  2 catoblepae (Lair:2)
  The ghost of lis82 the Frost Mage, a journeyman DgHW (D:10)
  A two-headed ogre (D:11)
  3 death yaks (D:10)
  The ghost of grizmgrazm2 the Ruffian, a novice DrSh of Vehumet (D:8)
  A sixfirhy (Lair:5)
  3 skysharks (Lair:5)
  An arcanist (Lair:5)
  2 manticores
  3 meliai (Spider:1)
  14 elephants (Lair:5)
  9 black mambas
  An orange demon (Lair:5)
  Joseph (D:9)
  A torpor snail (Lair:5)
  8 rime drakes
  11 cane toads
  5 komodo dragons
  3 ice devils (Lair:5)
  A red devil (Lair:5)
  A hellwing (Lair:5)
  4 trolls
  2 hornets
  A wind drake (Lair:3)
  A polar bear (Lair:5)
  A shadow (D:10)
  2 culicivoras (Lair:2)
  A vampire (D:9)
  4 wyverns
  22 yaks
  5 basilisks
  A wraith (D:11)
  A steam dragon (D:6)
  A redback (Spider:1)
  Grum (D:8)
  16 water moccasins
  4 hell hounds (Lair:5)
  A sky beast (D:7)
  10 orc warriors
  9 ice beasts
  5 ogres
  21 wolves
  2 phantoms
  A centaur (D:6)
  A kobold brigand (D:9)
  10 bullfrogs
  2 scorpions
  A gnoll sergeant (D:10)
  9 wights
  18 killer bees
  4 howler monkeys
  A bombardier beetle (D:7)
  2 jellies
  A hound (D:5)
  3 orc priests
  An iron imp (D:9)
  Terence (D:2)
  4 scorpion zombies (D:5)
  An iguana (D:3)
  22 orc wizards
  A hound zombie (D:5)
  15 gnolls
  A howler monkey skeleton (D:5)
  10 adders
  3 white imps
  4 ufetubi
  2 ribbon worms (D:2)
  A dart slug (D:4)
  60 orcs
  4 bats
  5 endoplasms
  A giant cockroach (D:4)
  31 goblins
  27 hobgoblins
  6 jackals (D:1)
  A quokka (D:1)
  4 ball pythons
  2 frilled lizards
  12 kobolds
  7 rats
476 creatures vanquished.

Notes
Turn   | Place    | Note
-------+----------+-------------------------------------------
     0 | D:1      | darkkles the Minotaur Fighter began the quest for the Orb.
     0 | D:1      | Reached XP level 1. HP: 19/19 MP: 0/0
    59 | D:1      | Reached XP level 2. HP: 27/27 MP: 1/1
   378 | D:1      | Reached skill level 4 in Fighting
   953 | D:1      | Reached XP level 3. HP: 33/33 MP: 2/2
  1052 | D:2      | Noticed Terence
  1061 | D:2      | Killed Terence
  1254 | D:2      | Reached skill level 1 in Throwing
  1356 | D:2      | Reached XP level 4. HP: 40/40 MP: 3/3
  2080 | D:3      | Reached XP level 5. HP: 28/47 MP: 4/4
  3102 | D:4      | Reached XP level 6. HP: 52/55 MP: 5/5
  3169 | D:4      | Noticed a water moccasin
  3182 | D:4      | Killed a water moccasin
  3183 | D:4      | Reached skill level 5 in Fighting
  3183 | D:4      | Reached skill level 5 in Armour
  3183 | D:4      | Reached skill level 5 in Shields
  3564 | D:4      | Noticed an ice beast
  3568 | D:4      | Killed an ice beast
  3569 | D:4      | Reached XP level 7. HP: 46/61 MP: 6/6
  3802 | D:4      | Found an ancient bone altar of Kikubaaqudgha.
  3807 | D:4      | Found a glowing golden altar of the Shining One.
  3810 | D:4      | Found a white marble altar of Elyvilon.
  4014 | D:5      | Entered Level 5 of the Dungeon
  4022 | D:5      | Found a stormy altar of Qazlal.
  4030 | D:5      | Reached skill level 5 in Axes
  4071 | D:5      | Found a staircase to the Ecumenical Temple.
  4082 | Temple   | Entered the Ecumenical Temple
  4642 | D:5      | Reached skill level 6 in Fighting
  4705 | D:5      | Reached skill level 1 in Evocations
  4721 | D:5      | Reached XP level 8. HP: 45/70 MP: 7/7
  5448 | D:6      | Identified the +1 pair of boots of Heifed {rF- rN+ Int+7}
  5774 | D:6      | Found an iron altar of Okawaru.
  5782 | D:6      | Became a worshipper of Warmaster Okawaru
  5924 | D:7      | Reached skill level 7 in Fighting
  6158 | D:7      | Found a shadowy altar of Dithmenos.
  6165 | D:7      | Reached skill level 1 in Invocations
  6192 | D:7      | Reached XP level 9. HP: 60/79 MP: 8/8
  6289 | D:7      | Reached * piety under Okawaru
  6292 | D:7      | Upgraded the game from 0.32-a0-861-g165e151e72 to
                  | 0.32-a0-886-g41c5271027
  6750 | D:8      | Noticed Grum
  6757 | D:8      | Reached skill level 5 in Throwing
  6760 | D:8      | Killed Grum
  6772 | D:8      | HP: 2/79 [wolf[Grum] (8)]
  7259 | D:8      | Reached ** piety under Okawaru
  7309 | D:8      | Found Zam Cooc's Antique Armour Emporium.
  7322 | D:8      | Noticed a troll
  7334 | D:8      | Killed a troll
  7335 | D:8      | Reached skill level 8 in Fighting
  7630 | D:8      | Found a transporter.
  7638 | D:8      | Noticed grizmgrazm2's ghost (novice DrSh)
  7641 | D:8      | Found a transporter.
  7860 | D:9      | Reached XP level 10. HP: 88/88 MP: 11/11
  8164 | D:9      | Found the +5 robe of Night {Dark Will+ SInv}
  8466 | D:9      | Noticed Joseph
  8845 | D:9      | Killed Joseph
  8925 | D:9      | Found a burning altar of Makhleb.
  9085 | D:10     | Entered Level 10 of the Dungeon
  9158 | D:9      | Reached *** piety under Okawaru
  9279 | D:10     | Noticed Harold
  9289 | D:10     | Killed Harold
  9289 | D:10     | Reached **** piety under Okawaru
  9425 | D:10     | Noticed lis82's ghost (journeyman DgHW)
  9451 | D:10     | Found a runed translucent door.
  9649 | D:10     | Reached ***** piety under Okawaru
  9650 | D:10     | Reached skill level 9 in Fighting
  9779 | D:10     | Reached skill level 5 in Evocations
 10006 | D:10     | Reached XP level 11. HP: 92/97 MP: 13/13
 10025 | D:10     | Found a staircase to the Lair.
 10101 | D:10     | Found a roughly hewn altar of Beogh.
 10549 | Lair:1   | Entered Level 1 of the Lair of Beasts
 10549 | Lair:1   | Noticed a death yak
 10549 | Lair:1   | Noticed a death yak
 10551 | Lair:1   | Noticed a death yak
 10687 | D:8      | Killed grizmgrazm2's ghost
 10688 | D:8      | Reached skill level 5 in Invocations
 11086 | D:10     | Killed lis82's ghost
 11259 | D:11     | Found a transporter.
 11273 | D:11     | Noticed a deep troll
 11322 | D:11     | Found a bloodstained altar of Trog.
 11328 | D:11     | Noticed ouz's ghost (journeyman MDFi)
 11329 | D:11     | Found a transporter.
 11329 | D:11     | Noticed a two-headed ogre
 11390 | D:11     | Found Dulasif's Armour Shop.
 11390 | D:11     | Found a staircase to the Orcish Mines.
 11392 | D:11     | Found Wyunluq's Weapon Shop.
 11445 | D:11     | Received a gift from Okawaru
 11840 | D:11     | Noticed a two-headed ogre
 11860 | D:11     | Killed a two-headed ogre
 12215 | D:10     | Killed a death yak
 12216 | D:10     | Reached skill level 10 in Fighting
 12216 | D:10     | Reached skill level 10 in Shields
 12216 | D:10     | Killed a death yak
 12217 | D:10     | Reached skill level 10 in Armour
 12217 | D:10     | Killed a death yak
 12447 | Lair:1   | Reached ****** piety under Okawaru
 12448 | Lair:1   | Acquired the +10 broad axe of Instinct {freeze, ^Fragile
                  | Str+5 Stlth+}
 12448 | Lair:1   | Received a gift from Okawaru
 12452 | Lair:1   | Acquired the +10 crystal plate armour of Terror {rN+ SInv}
 12452 | Lair:1   | Received a gift from Okawaru
 12740 | Lair:1   | Reached skill level 10 in Axes
 12757 | Lair:1   | Reached XP level 12. HP: 107/107 MP: 15/15
 12821 | Lair:1   | Received a gift from Okawaru
 13466 | Lair:2   | Found a hole to the Spider Nest.
 13551 | Lair:2   | Noticed a catoblepas
 13574 | Lair:2   | Killed a catoblepas
 13618 | Lair:2   | Noticed a catoblepas
 13637 | Lair:2   | Killed a catoblepas
 13637 | Lair:2   | Received a gift from Okawaru
 13842 | Lair:2   | Noticed Gastronok
 14138 | Lair:2   | Killed Gastronok
 14139 | Lair:2   | Reached skill level 11 in Fighting
 14501 | Lair:2   | Identified 2 scrolls of acquirement
 14501 | Lair:2   | Acquired a manual of Fighting
 14510 | Lair:3   | Found a staircase to the Shoals.
 14521 | Lair:3   | Received a gift from Okawaru
 14543 | Lair:3   | Noticed a boulder beetle
 14554 | Lair:3   | Killed a boulder beetle
 14603 | Lair:3   | Identified the +1 leather armour of Elitism {*Slow rElec
                  | rC++ rN+}
 14744 | Lair:3   | Noticed a six-headed hydra
 14779 | Lair:3   | Killed an 11-headed hydra
 14974 | Lair:3   | Reached XP level 13. HP: 107/117 MP: 17/17
 15521 | Lair:4   | Received a gift from Okawaru
 15681 | Lair:4   | Reached skill level 12 in Fighting
 15825 | Lair:5   | Entered Level 5 of the Lair of Beasts
 16043 | Lair:5   | Received a gift from Okawaru
 16152 | Lair:5   | Found a viscous altar of Jiyva.
 16152 | Lair:5   | Found a staircase to the Slime Pits.
 16384 | Lair:5   | Received a gift from Okawaru
 16401 | Lair:5   | Found a dark tunnel.
 16428 | Lair:5   | Reached skill level 13 in Fighting
 16499 | Lair:5   | Identified the +1 leather armour of Indecent Exposure
                  | {Str+2 Dex+3}
 16657 | Lair:5   | Received a gift from Okawaru
 16863 | Lair:5   | Noticed a dire elephant
 16874 | Lair:5   | Killed a dire elephant
 16959 | Lair:5   | Found a burning altar of Makhleb.
 16987 | Lair:5   | Reached XP level 14. HP: 123/130 MP: 19/19
 17022 | Lair:5   | Received a gift from Okawaru
 17079 | Lair:5   | Found a gateway to Hell.
 17861 | Spider:1 | Entered Level 1 of the Spider Nest
 17863 | Spider:1 | Noticed Frances
 17869 | Spider:1 | Noticed an emperor scorpion
 17879 | Arena    | Entered the Arena
 17887 | Arena    | Killed an emperor scorpion
 17922 | Spider:1 | HP: 1/130 [Frances/+3 halberd of venom (17)]
 17930 | Spider:1 | Mangled by Frances

Illustrated notes

Levels and vault maps discovered:
D:1:      mainiacjoe_arrival_reflecting_pool, layout_basic, minmay_pentomino_q2
D:2:      layout_rooms, minivault_4, uniq_terence
D:3:      minmay_goblin_kobold_castle, layout_basic
D:4:      layout_basic, minmay_overflow_temple_star_quad, nicolae_half_adder
D:5:      layout_basic, nicolae_qazlal_eye_of_the_storm,
          minmay_temple_entry_glassed_door,
          mainiacjoe_ossuary_entry_find_the_door, feat_on_display
D:6:      layout_rooms, kennysheep_okawaru_gauntlet, kennysheep_generic_room_9
D:7:      layout_basic, mainiacjoe_overflow_alcove_2, serial_corexii_hall,
          corexii_hall_statues_l, chequers_hall_statues_corner_a,
          chequers_hall_statues_corner_a
D:8:      layout_loops_ring, serial_shops, nicolae_shop_tiny_statue_garden,
          gammafunk_ghost_arena, minivault_1, uniq_grum
D:9:      layout_rooms, demons_altar, uniq_joseph
D:10:     layout_roguey [special_room_orc], hellmonk_lair_entry_icy,
          hellmonk_ghost_happy_afterlife, uniq_harold
D:11:     layout_irregular_city, orc_david_3, gammafunk_ghost_wrathful_warriors
Temple:   regret_index_temple_waves
Lair:1:   layout_loops_ring, serial_bayou_shore_b, lemuel_fruit_fields
Lair:2:   layout_cellular_growth, hellmonk_spider_entry_life_and_decay,
          uniq_gastronok
Lair:3:   layout_cave_shapes, minmay_shoals_entry_beasts, nicolae_lair_lil_pond,
          serial_bayou_shore_b, grunt_megastairs_1
Lair:4:   layout_cave_shapes
Lair:5:   evil_forest, layout_regular_city, slime_entry_1,
          nicolae_volcano_entry_hallway
Spider:1: layout_spider_delve, gammafunk_ghost_tricky_traps, hellmonk_test_site,
          uniq_frances

Skill      XL: |  1  2  3  4  5  6  7  8  9 10 11 12 13 |
---------------+----------------------------------------+-----
Armour         | 4 5 6 7 8 9 10 11 12 | 12.4
Shields        | 4 5 6 7 9 10 11 12 | 12.5
Fighting       | 4 5 6 7 8 9 10 11 13 | 13.9
Axes           | 3 4 5 6 7 8 10 11 12 | 12.3
Throwing       | 1 2 3 4 5 6 7 9 |  9.2
Evocations     | 1 2 3 5 6 7 8 |  8.0
Invocations    | 1 3 4 6 7 8 |  8.6

Action                     |  1- 3 |  4- 6 |  7- 9 | 10-12 | 13-15 || total
---------------------------+-------+-------+-------+-------+-------++-------
  Melee: War axe           |    78 |   183 |   151 |       |       ||   412
         Headbutt          |     9 |    23 |    52 |    92 |    35 ||   211
         Broad axe         |       |       |   159 |   450 |   194 ||   803
  Throw: Dart              |       |     5 |    54 |    41 |       ||   100
         Boomerang         |       |       |    10 |   117 |   132 ||   259
         Throwing net      |       |       |       |     1 |       ||     1
 Invoke: Heroism           |       |       |     1 |     7 |       ||     8
         Receive Weapon    |       |       |       |     1 |       ||     1
         Receive Armour    |       |       |       |     1 |       ||     1
         Finesse           |       |       |       |       |     1 ||     1
         Duel              |       |       |       |       |     1 ||     1
  Evoke: Wand              |       |       |       |     5 |     2 ||     7
    Use: Scroll            |       |     6 |     7 |     8 |     6 ||    27
         Potion            |       |       |     1 |     1 |     7 ||     9
   Stab: Petrified         |       |       |       |     1 |       ||     1
 Armour: Scale mail        |    52 |       |       |       |       ||    52
         Chain mail        |     5 |   150 |   141 |   277 |       ||   573
         Swamp dragon scal |       |       |    61 |       |       ||    61
         Crystal plate arm |       |       |       |   132 |   229 ||   361
  Dodge: Dodged            |    35 |    78 |   193 |   276 |   100 ||   682
  Block: Buckler           |    14 |    53 |    85 |    32 |       ||   184
         Kite shield       |       |       |       |   275 |   166 ||   441

Table legend: (Time is in decaauts)
 A = Elapsed time spent in this place.
 B = Non-inter-level travel time spent in this place.
 C = Inter-level travel time spent in this place.
 D = Time resting spent in this place.
 E = Time spent auto-exploring this place.
 F = Levels seen in this place.
 G = Mean time per level.
                   A        B        C        D        E       F      G
               +--------+--------+--------+--------+--------+-----+--------+
         Total |  18236 |  15738 |   2498 |   2530 |   9479 |  19 |  959.8 |
       Dungeon |  12537 |  11005 |   1532 |   2053 |   6340 |  11 | 1139.7 |
        Temple |    144 |      2 |    142 |      0 |      0 |   1 |  144.0 |
          Lair |   5477 |   4655 |    822 |    454 |   3139 |   5 | 1095.4 |
   Spider Nest |     46 |     46 |      0 |      0 |      0 |   1 |   46.0 |
         Arena |     31 |     31 |      0 |     22 |      0 |   1 |   31.0 |
               +--------+--------+--------+--------+--------+-----+--------+

Top non-repeatable levels by time:
  Lair:5: 1943 daAuts
     D:3: 1635 daAuts
    D:10: 1553 daAuts
     D:8: 1529 daAuts
     D:9: 1329 daAuts
     D:5: 1206 daAuts
     D:7: 1202 daAuts
  Lair:2: 1097 daAuts
  Lair:1: 1073 daAuts
     D:1: 1014 daAuts
    D:11: 966 daAuts
     D:4: 942 daAuts
  Lair:3: 773 daAuts
     D:6: 626 daAuts
  Lair:4: 589 daAuts
